 Dungeon Crawl Stone Soup version 0.17.1-3-g152610e (webtiles) character file.

329 Kaname the Slasher (level 6, 0/70 HPs)
             Began as a Demigod Wanderer on Mar 9, 2016.
             Slain by an orc
             ... wielding a +0 hand axe
              (2 damage)
             ... on level 4 of the Dungeon.
             The game lasted 00:11:24 (3717 turns).

Kaname the Slasher (Demigod Wanderer)               Turns: 3717, Time: 00:11:24

Health: 0/70       AC: 23    Str: 17    XL:     6   Next: 4%
Magic:  13/13      EV:  2    Int: 18    God:
Gold:   129        SH:  0    Dex: 15    Spells: 0 memorised, 11 levels left

rFire  . . .     SeeInvis .     c - +0 falchion
rCold  . . .     Clarity  .     (armour currently unavailable)
rNeg   + + +     SustAt   +     (no shield)
rPois  +         Gourm    .     (helmet currently unavailable)
rElec  .         Spirit   .     (cloak currently unavailable)
rCorr  .         Warding  .     (gloves currently unavailable)
rMut   .         NoTele   +     (boots currently unavailable)
MR     .....                    (no amulet)
Stlth  ++........               (no ring)
                                (no ring)

@: tree-form, not resistant to hostile enchantments, unstealthy
A: high mp 1, sustain attributes
a: no special abilities


You were on level 4 of the Dungeon.
You were not hungry.
You were a tree.
You visited 1 branch of the dungeon, and saw 4 of its levels.

You collected 129 gold pieces.

Inventory:

Hand Weapons
 c - a +0 falchion (weapon)
Missiles
 b - 3 throwing nets
 n - 8 javelins of penetration (quivered)
 w - 3 javelins
Armour
 a - a +0 helmet (melded)
 y - a +1 scale mail (melded)
Wands
 u - a wand of random effects (20)
Scrolls
 h - a scroll of magic mapping {unknown}
 i - 4 scrolls of remove curse
 v - a scroll of teleportation {unknown}
 C - a scroll of identify
Potions
 d - 2 potions of lignification
 f - a potion of haste
 j - a potion of resistance {unknown}
 k - a potion of heal wounds {unknown}
 l - a potion of brilliance {unknown}
 m - a potion of curing {unknown}
 p - a potion of beneficial mutation {unknown}
 q - a potion of degeneration {unknown}
 s - a potion of invisibility {unknown}
 t - 2 potions of poison {unknown}
 x - a potion of might {unknown}
 A - a potion of magic {unknown}
Comestibles
 e - 3 bread rations
 r - a meat ration
 z - a chunk of flesh
 B - 12 fruits


   Skills:
 - Level 1.0 Fighting
   Level 1.0(3.5) Short Blades
 * Level 5.5 Long Blades
 - Level 1.7 Throwing
 - Level 1.7 Dodging
 - Level 1.0 Stealth
 - Level 3.0 Spellcasting


You had 11 spell levels left.
You didn't know any spells.

Dungeon Overview and Level Annotations

Branches:
Dungeon (4/15)
 Temple: D:4-7

Annotations:
D:4 MixedWithMadness's ghost, amateur HuFi


Innate Abilities, Weirdness & Mutations

You have an increased reservoir of magic (+10% MP).
Your attributes are resistant to harm.


Message History

The orc hits you but does no damage.
The giant gecko skeleton bites you but does no damage.
You hit the iguana.
The iguana is almost dead.
The iguana barely misses you.
The iguana bites you but does no damage.
The giant gecko skeleton bites you but does no damage.
You barely miss the iguana.
The iguana is almost dead.
The orc hits you but does no damage. x2
The iguana bites you but does no damage. x2
The giant gecko skeleton bites you but does no damage.
You hit the iguana.
You kill the iguana!
You have reached level 6!
Your experience leads to an increase in your attributes!
Increase (S)trength, (I)ntelligence, or (D)exterity?
You feel stronger. x2
The orc hits you but does no damage. The orc hits you with a hand axe.
You die...

#.... #..$. #%... #....
#.... ## ... #.####Z#####
+....{†♣...# #.[...loo..#
#.....oW...# ##...
##..##.#####
....#+#####..##.#
....#...........#.......#
....+.......o...#.......#
#....
....#.......o...#.......#
#....
....#...........#[......#
#....


You could see an iguana, MixedWithMadness's ghost, 3 orcs and a giant gecko
skeleton.

Vanquished Creatures
  An ogre (D:4)
  Blork the orc (D:4)
  2 iguanas (D:4)
  5 adders
  An ooze (D:2)
  An adder skeleton (D:3)
  3 worms
  A giant gecko (D:1)
  An orc (D:3)
  4 giant cockroaches
  5 hobgoblins
  3 jackals (D:3)
  9 kobolds
  A ball python (D:4)
  11 bats
  5 giant newts
  8 goblins
  10 rats
72 creatures vanquished.

Notes
Turn   | Place    | Note
--------------------------------------------------------------
     0 | D:1      | Kaname the Demigod Wanderer began the quest for the Orb.
     0 | D:1      | Kaname set off with: a +0 leather armour, 3 throwing nets, a +0 falchion, a potion of lignification, a bread ration
     0 | D:1      | Reached XP level 1. HP: 16/16 MP: 6/6
   142 | D:1      | Reached skill level 1 in Long Blades
   274 | D:1      | Reached XP level 2. HP: 14/23 MP: 8/8
  1074 | D:2      | Reached skill level 3 in Spellcasting
  1133 | D:2      | Found a shadowy altar of Dithmenos.
  1187 | D:2      | Reached XP level 3. HP: 20/28 MP: 10/10
  2439 | D:3      | Reached XP level 4. HP: 16/35 MP: 11/11
  3239 | D:4      | Noticed an ogre
  3243 | D:4      | Killed an ogre
  3243 | D:4      | Reached skill level 4 in Long Blades
  3243 | D:4      | Reached XP level 5. HP: 40/40 MP: 12/12
  3328 | D:4      | Noticed Blork the orc
  3339 | D:4      | Killed Blork the orc
  3339 | D:4      | Reached skill level 5 in Long Blades
  3678 | D:4      | Noticed MixedWithMadness's ghost (amateur HuFi)
  3714 | D:4      | HP: 2/60 [iguana (8)]
  3717 | D:4      | Reached XP level 6. HP: 2/47 MP: 13/13
  3717 | D:4      | Slain by an orc

Action                   |  1- 3 |  4- 6 || total
-------------------------+-------+-------++-------
Melee: Falchion          |   202 |   110 ||   312
Throw: Javelin           |       |    14 ||    14
  Use: Scroll            |     3 |     2 ||     5
       Potion            |       |     1 ||     1
 Stab: Sleeping          |     4 |       ||     4
  Eat: Chunk             |     5 |     3 ||     8
       Pizza             |       |     1 ||     1
